 Dungeon Crawl Stone Soup version 0.25-a0-701-gb30f108f01 (webtiles) character file.

Game seed: 12284367504701887357, levelgen mode: deterministic

3 Amnesiac the Magician (level 1, 0/10 HPs)
             Began as a Deep Elf Wizard on Apr 4, 2020.
             Slain by a jackal (3 damage)
             ... on level 2 of the Dungeon.
             The game lasted 00:01:04 (184 turns).

Amnesiac the Magician (Deep Elf Wizard)              Turns: 184, Time: 00:01:05

Health: 0/10       AC:  2    Str:  4    XL:     1   Next: 41%
Magic:  6/8        EV: 13    Int: 22    God:
Gold:   0          SH:  0    Dex: 13    Spells: 8/9 levels left

rFire    . . .     SeeInvis .   (no weapon)
rCold    . . .     Gourm    .   (no shield)
rNeg     . . .     Faith    .   a - +0 robe
rPois    .         Spirit   .   b - +0 hat
rElec    .         Reflect  .   (no cloak)
rCorr    .         Harm     .   (no gloves)
MR       .....                  (no boots)
Stlth    ++........             (no amulet)
HPRegen  0.03/turn              (no ring)
MPRegen  0.11/turn              (no ring)

@: very slightly contaminated
A: no striking features
a: no special abilities


You were on level 2 of the Dungeon.
You were not hungry.

You visited 1 branch of the dungeon, and saw 2 of its levels.

Inventory:

Armour
 a - a +0 robe (worn)
 b - a +0 hat (worn)
Scrolls
 c - a scroll of teleportation {!r, unknown}
Comestibles
 d - a ration


   Skills:
 - Level 2.4 Dodging
 - Level 2.4 Stealth
 + Level 4.7 Spellcasting
 - Level 1.1 Conjurations
   Level 1.1 Summonings
   Level 1.1 Translocations


You had 8 spell levels left.
You knew the following spells:

 Your Spells              Type           Power        Failure   Level  Hunger
a - Magic Dart            Conj           ##..         7%          1    None

Your spell library contained the following spells:

 Spells                   Type           Power        Failure   Level  Hunger
 Blink                    Tloc           N/A          10%         2    None
 Call Imp                 Summ           ##......     10%         2    None
 Slow                     Hex            #.......     16%         2    None
 Conjure Flame            Conj/Fire      #.......     26%         3    ##.....
 Mephitic Cloud           Conj/Pois/Air  #.......     26%         3    ##.....


Dungeon Overview and Level Annotations

Branches:
Dungeon (2/15)

Altars:


Message History

The kobold hits you.
* * * LOW HITPOINT WARNING * * *
A hobgoblin comes into view. It is wielding a +0 club.
The hobgoblin shouts!
You hear an angry hiss.
The hobgoblin throws a stone.
The stone hits you.
* * * LOW HITPOINT WARNING * * *
You see here a stone.
The hobgoblin throws a stone.
The stone hits you but does no damage.
You see here a stone.
The hobgoblin throws a stone.
The stone closely misses you.
A jackal comes into view.
The jackal barks!
You hear a shout!
You hear a bark!
A jackal comes into view.
The kobold barely misses you.
A jackal comes into view.
A goblin and a hobgoblin come into view.
The goblin shouts!
The hobgoblin shouts!
The goblin throws a stone.
The stone hits you.
* * * LOW HITPOINT WARNING * * *
A jackal comes into view.
The hobgoblin moves out of view.
The goblin throws a stone.
The stone hits you but does no damage.
You see here a stone.
The goblin throws a stone.
The stone closely misses you.
You see here a stone.
A giant cockroach comes into view.
A frilled lizard comes into view. 2 hobgoblins come into view.
The hobgoblin shouts! x2
You open the door. The kobold barely misses you.
There is an open door here.
The giant cockroach waves its antennae.
There is an open door here.
Found 8 gold pieces.
A jackal comes into view.
The jackal moves out of view.
Found a stone staircase leading down.
A jackal comes into view.
The jackal barks!
A jackal comes into view.
The jackal moves out of view.
There is a stone staircase leading down here.
The jackal barely misses you. The kobold hits you.
* * * LOW HITPOINT WARNING * * *
You climb downwards.
There is a stone staircase leading up here.
The jackal misses you.
Casting: Magic Dart (safe; 7% risk of failure)
Confirm with . or Enter, or press ? or * to list all spells.
Aiming: Magic Dart (safe; 7% risk of failure)
Press: ? - help, Shift-Dir - straight line, f - jackal
Aim: a jackal You miscast Magic Dart.
You are very lightly contaminated with residual magic.
You smell something strange.
The jackal barely misses you.
Casting: Magic Dart (safe; 7% risk of failure)
Confirm with . or Enter, or press ? or * to list all spells.
Aiming: Magic Dart (safe; 7% risk of failure)
Press: ? - help, Shift-Dir - straight line, f/p - jackal
Aim: a jackal The magic dart hits the jackal.
The jackal is almost dead.
The jackal bites you.
You die...

#. . #.
. #.
##.####
#...K.#
#h# #@#
#.# ...
#####


You could see a jackal and a kobold.

Vanquished Creatures
  2 kobolds (D:1)
  A frilled lizard (D:1)
  A rat (D:1)
4 creatures vanquished.

Notes
Turn   | Place    | Note
-------+----------+-------------------------------------------
     0 | D:1      | Amnesiac the Deep Elf Wizard began the quest for the Orb.
     0 | D:1      | Reached XP level 1. HP: 10/10 MP: 7/7
   184 | D:2      | Slain by a jackal

Levels and vault maps discovered:
D:1:      psy_arrival_terrarium, layout_loops_cross
D:2:      layout_basic, overflow_temple_1_default, lemuel_round_altar,
          grunt_temple_overflow_open, minmay_liquid_box, uniq_sigmund

Action                   || total
-------------------------++-------
 Cast: Magic Dart        ||    11
Armor: Robe              ||     2
Dodge: Dodged            ||    14

Table legend:
 A = Non-vault XP
 B = Vault XP
 C = Vault XP percentage of total XP
 D = Non-vault monster count
 E = Vault monster count
 F = Vault count percentage of total count
                 A         B        C        D         E       F
            +---------+---------+-------+---------+---------+-------
      Total |       5 |       0 |   0.0 |       4 |       0 |   0.0
            +---------+---------+-------+---------+---------+-------
        D:1 |       5 |       0 |   0.0 |       4 |       0 |   0.0
            +---------+---------+-------+---------+---------+-------
